 Dungeon Crawl Stone Soup version 0.29-a0-322-g68df515428 (webtiles) character file.

Game seed: 3524083800782504699

1704 Essalna the Cleaver (level 9, -12/84 HPs)
             Began as a Hill Orc Fighter on Apr 9, 2022.
             Mangled by an orc warrior
             ... wielding a +0 battleaxe
              (24 damage)
             ... on level 5 of the Dungeon.
             The game lasted 00:09:42 (5932 turns).

Essalna the Cleaver (Hill Orc Fighter)              Turns: 5932, Time: 00:09:43

Health: -12/84     AC:  9    Str: 23    XL:     9   Next: 3%
Magic:  9/9        EV:  9    Int: 14    God:
Gold:   355        SH:  4    Dex: 10    Spells: 8/8 levels left

rFire   . . .      SeeInvis .   a - +0 war axe
rCold   . . .      Faith    .   c - +0 buckler
rNeg    . . .      Spirit   .   b - +0 scale mail
rPois   .          Reflect  .   p - +0 helmet
rElec   .          Harm     .   (no cloak)
rCorr   .          Rampage  .   (no gloves)
Will    .....                   l - +0 pair of boots
Stlth   ..........              (no amulet)
HPRegen 0.24/turn               s - +6 ring of intelligence
MPRegen 0.11/turn               (no ring)

@: flying
A: no striking features
a: no special abilities


You were on level 5 of the Dungeon.
You visited 1 branch of the dungeon, and saw 5 of its levels.
You also visited: Sewer.

You collected 355 gold pieces.

Inventory:

Hand Weapons
 a - a +0 war axe (weapon)
Armour
 b - a +0 scale mail (worn)
 c - a +0 buckler (worn)
 e - a +1 chain mail of fire resistance
 l - a +0 pair of boots (worn)
 p - a +0 helmet (worn)
Jewellery
 s - a +6 ring of intelligence (left hand)
Wands
 z - a wand of flame (21)
 A - a wand of paralysis (9)
Scrolls
 f - 3 scrolls of noise
 j - a scroll of identify
 m - 2 scrolls of fear
 r - a scroll of blinking
 t - a scroll of teleportation
 u - a scroll of holy word
 v - a scroll of silence {unknown}
 x - a scroll of amnesia {unknown}
 y - a scroll of acquirement {unknown}
Potions
 g - a potion of invisibility {unknown}
 h - a potion of cancellation {unknown}
 i - a potion of mutation {unknown}
 k - 7 potions of curing {unknown}
 n - 3 potions of brilliance {unknown}
 o - a potion of attraction {unknown}
 q - a potion of flight
 w - a potion of berserk rage {unknown}


   Skills:
 + Level 9.5 Fighting
 + Level 9.9 Axes
 - Level 5.0 Armour
 - Level 4.3 Shields


You had 8 spell levels left.
You didn't know any spells.
Your spell library contained the following spells:

 Spells                   Type           Power      Damage    Failure   Level
 Corpse Rot               Necr/Air       0%         N/A       80%         2
 Poisonous Vapours        Pois/Air       0%         N/A       80%         2
 Scorch                   Fire           0%         2d5       80%         2
 Flame Wave               Conj/Fire      0%         2d4       100%        4
 Summon Cactus Giant      Summ           0%         N/A       100%        6


Dungeon Overview and Level Annotations

Branches:
Dungeon (5/15)              Sewer (visited)
 Temple: D:4-7

Altars:
Cheibriados
Trog
Yredelemnul


Message History

The orc hits you with a +0 hand axe.
You slash the orc!
You kill the orc!
You hit the orc. You barely miss the orc warrior. You slash the orc!
You kill the orc!
You closely miss the orc warrior. The orc warrior closely misses you.
You barely miss the orc warrior. You block the orc warrior's attack.
You hit the orc warrior but do no damage.
The orc warrior hits you with a +0 battleaxe!!
You are too injured to fight recklessly!
You are too injured to fight recklessly!
You are too injured to fight recklessly!
You are too injured to fight recklessly!
You are too injured to fight recklessly!
You are too injured to fight recklessly!
You hit the orc warrior but do no damage.
The orc warrior hits you with a +0 battleaxe!
You hit the orc warrior.
The orc warrior is lightly wounded.
The orc warrior hits you with a +0 battleaxe.
You barely miss the orc warrior.
The orc warrior is lightly wounded.
The orc warrior hits you with a +0 battleaxe!
You hit the orc warrior.
The orc warrior is lightly wounded.
The orc warrior hits you with a +0 battleaxe!
* * * LOW HITPOINT WARNING * * *
The orc warrior hits you with a +0 battleaxe.
* * * LOW HITPOINT WARNING * * *
You slash the orc warrior!
The orc warrior is heavily wounded.
The orc warrior hits you with a +0 battleaxe.
* * * LOW HITPOINT WARNING * * *
It was a potion of flight.
You feel very buoyant.
You fly up into the air.
The orc warrior hits you with a +0 battleaxe!!
You die...

########.# .....
#..# .........#
.. .[....#..#
##########
..#.......#..#
..^..._...^.##
#.#.......#.#
#####.#.!.....#.#
..... ..... #.#
#.)####.####.#
#o@.).......##
#####........#
##.#.###.# #....#
.# #..### .# #
#..# ># ## #..#
.# .# #..# .# ##
#..# .#


You could see an orc warrior.

Vanquished Creatures
  Pikel (D:5)
  Grinder (D:3)
  Sigmund (D:2)
  A black bear (D:4)
  2 lemures (D:5)
  A necrophage (D:4)
  2 bullfrogs (Sewer)
  2 scorpions
  2 hounds (D:4)
  3 iguanas
  Natasha (thrice) (D:2)
  A scorpion zombie (D:3)
  10 adders
  A shadow imp (D:5)
  An adder zombie (D:3)
  A worm (D:3)
  3 dart slugs
  7 orcs
  6 bats
  6 endoplasms
  14 giant cockroaches
  8 hobgoblins
  7 kobolds
  7 quokkas
  7 ball pythons
  11 frilled lizards
  14 goblins
  5 rats
128 creatures vanquished.

Vanquished Creatures (others)
  5 fungi (D:2)
  5 toadstools (D:2)
10 creatures vanquished.

Grand Total: 138 creatures vanquished

Notes
Turn   | Place    | Note
-------+----------+-------------------------------------------
     0 | D:1      | Essalna the Hill Orc Fighter began the quest for the Orb.
     0 | D:1      | Reached XP level 1. HP: 19/19 MP: 1/1
   208 | D:1      | Reached XP level 2. HP: 26/27 MP: 2/2
   803 | D:1      | Found a faded altar of an unknown god.
  1134 | D:2      | Noticed Sigmund
  1141 | D:2      | Killed Sigmund
  1142 | D:2      | Reached XP level 3. HP: 14/35 MP: 3/3
  1142 | D:2      | Reached XP level 4. HP: 16/41 MP: 4/4
  1142 | D:2      | Reached XP level 5. HP: 19/47 MP: 5/5
  1606 | D:2      | Noticed Natasha
  1613 | D:2      | Killed Natasha
  1614 | D:2      | Reached skill level 5 in Fighting
  1764 | D:2      | Reached XP level 6. HP: 50/56 MP: 6/6
  1900 | D:2      | Noticed Natasha
  1911 | D:2      | Killed Natasha
  2147 | D:2      | Noticed Natasha
  2153 | D:2      | Killed Natasha
  2376 | D:3      | Reached skill level 5 in Axes
  2640 | D:3      | Found a glowing drain.
  2676 | Sewer    | Entered a sewer
  2803 | Sewer    | Reached skill level 5 in Armour
  3069 | Sewer    | Reached XP level 7. HP: 33/62 MP: 7/7
  3469 | D:3      | Noticed Grinder
  3480 | D:3      | Killed Grinder
  3594 | D:3      | Found a bloodstained altar of Trog.
  3834 | D:3      | Found a basalt altar of Yredelemnul.
  4353 | D:4      | Reached XP level 8. HP: 62/72 MP: 8/8
  5171 | D:5      | Entered Level 5 of the Dungeon
  5510 | D:5      | Noticed Pikel
  5561 | D:5      | Killed Pikel
  5562 | D:5      | Reached XP level 9. HP: 21/84 MP: 9/9
  5899 | D:5      | Found a snail-covered altar of Cheibriados.
  5932 | D:5      | Mangled by an orc warrior

Illustrated notes

Levels and vault maps discovered:
D:1:      minmay_arrival_four_loops, layout_loops_ring,
          shapermc_ecumenical_altar_mp_urbaneastern, corexii_corridor_pit
D:2:      layout_basic, amcnicky_mini_corridor_feature,
          minmay_gold_behind_fungi, uniq_natasha, uniq_sigmund
D:3:      layout_loops_ring, lemuel_zombie_altar_yredelemnul,
          mainiacjoe_overflow_cross_hatched, gup_sewer_entry_glass,
          corner_web_ring, chequers_serial_rivers_marsh, st_stairs_3,
          grunt_ministairs_6, chequers_serial_rivers_room_a, uniq_grinder
D:4:      minmay_skewed_foursquare, layout_loops_cross, temple_hall,
          hangedman_decor_diamond_cutter, nicolae_elevator_lobby_asterisk
D:5:      layout_loops_ring, lemuel_tele_altar, uniq_crazy_yiuf_cottage,
          uniq_pikel, uniq_menkaure

Skill      XL: |  1  2  3  4  5  6  7  8 |
---------------+-------------------------+-----
Axes           | 3 4 5 7 9 |  9.9
Fighting       | 4 5 7 9 |  9.5
Armour         | 4 5 |  5.0
Shields        | 4 |  4.3

Action                   |  1- 3 |  4- 6 |  7- 9 || total
-------------------------+-------+-------+-------++-------
Melee: War axe           |    46 |   207 |   185 ||   438
  Use: Potion            |     1 |       |     3 ||     4
       Scroll            |       |     7 |       ||     7
Armor: Scale mail        |    19 |   124 |    64 ||   207
Dodge: Dodged            |    17 |   100 |    61 ||   178
Block: Buckler           |     9 |    44 |    40 ||    93

Table legend: (Time is in decaauts)
 A = Elapsed time spent in this place.
 B = Non-inter-level travel time spent in this place.
 C = Inter-level travel time spent in this place.
 D = Time resting spent in this place.
 E = Time spent auto-exploring this place.
 F = Levels seen in this place.
 G = Mean time per level.
                   A        B        C        D        E       F      G
               +--------+--------+--------+--------+--------+-----+--------+
         Total |   6137 |   5913 |    224 |      0 |   4796 |   6 | 1022.8 |
       Dungeon |   5242 |   5018 |    224 |      0 |   4201 |   5 | 1048.4 |
         Sewer |    895 |    895 |      0 |      0 |    594 |   1 |  895.0 |
               +--------+--------+--------+--------+--------+-----+--------+

Top non-repeatable levels by time:
     D:2: 1384 daAuts
     D:3: 1136 daAuts
     D:1: 1014 daAuts
     D:4: 938 daAuts
   Sewer: 895 daAuts
     D:5: 768 daAuts
